 Dungeon Crawl Stone Soup version 0.28-a0-101-g18048e5a82 (webtiles) character file.

Game seed: 3672930660972132812

23 hasubaka the Stinger (level 2, 0/20 HPs)
             Began as a Draconian Venom Mage on Aug 10, 2021.
             Slain by an adder (1 damage)
             ... on level 2 of the Dungeon.
             The game lasted 00:12:08 (1370 turns).

hasubaka the Stinger (Draconian Venom Mage)         Turns: 1370, Time: 00:12:09

Health: 0/20       AC:  4    Str: 10    XL:     2   Next: 75%
Magic:  3/5        EV: 12    Int: 15    God:
Gold:   65         SH:  0    Dex: 11    Spells: 4/5 levels left

rFire   . . .      SeeInvis .   l - staff of air
rCold   . . .      Faith    .   (no shield)
rNeg    . . .      Spirit   .   (armour unavailable)
rPois   .          Reflect  .   (helmet restricted)
rElec   +          Harm     .   (no cloak)
rCorr   .          Rampage  .   (no gloves)
Will    .....                   (no boots)
Stlth   ++........              (no amulet)
HPRegen 0.06/turn               (no ring)
MPRegen 0.09/turn               (no ring)

@: lethally poisoned (0 -> -4)
A: AC +4, unfitting armour, cold-blooded
a: no special abilities


You were on level 2 of the Dungeon.
You visited 1 branch of the dungeon, and saw 2 of its levels.

You collected 65 gold pieces.

Inventory:

Hand Weapons
 e - a +0 dagger
 g - a +0 hunting sling
 h - a +0 dagger
 j - a +0 short sword
 o - a +0 short sword
Missiles
 i - 36 stones
Armour
 a - a +0 robe
 d - a +0 plate armour
Magical Staves
 l - a staff of air (weapon)
Scrolls
 b - 2 scrolls of vulnerability {unknown}
 k - a scroll of noise {unknown}
 m - a scroll of holy word {unknown}
 p - 3 scrolls of blinking {unknown}
 q - a scroll of amnesia {unknown}
 r - a scroll of teleportation {unknown}
Potions
 c - a potion of ambrosia {unknown}
 f - 2 potions of curing {unknown}
 n - a potion of flight {unknown}


   Skills:
 + Level 1.9 Dodging
 + Level 1.8 Stealth
 + Level 2.4 Spellcasting
 + Level 1.2 Transmutations
 + Level 3.4 Poison Magic


You had 4 spell levels left.
You knew the following spells:

 Your Spells              Type           Power      Damage    Failure   Level
a - Sting                 Tmut/Pois      32%        1d4       9%          1

Your spell library contained the following spells:

 Spells                   Type           Power      Damage    Failure   Level
 Poisonous Vapours        Pois/Air       20%        N/A       16%         2
 Mephitic Cloud           Conj/Pois/Air  7%         N/A       36%         3
 Olgreb's Toxic Radiance  Pois           12%        N/A       45%         4


Dungeon Overview and Level Annotations

Branches:
Dungeon (2/15)

Altars:


Innate Abilities, Weirdness & Mutations

Your plain brown scales are hard. (AC +4)
You cannot fit into any form of body armour.
You are cold-blooded and may be slowed by cold attacks.


Message History

You are very lightly contaminated with residual magic.
Nothing appears to happen.
The adder completely misses you.
You hit the adder.
The adder is lightly wounded.
The adder bites you.
You are poisoned.
The adder poisons you! The adder bites you.
You miss the adder.
You tail-slap the adder, but do no damage.
The adder is lightly wounded.
You feel sick. The adder bites you but does no damage.
You hit the adder.
The adder is heavily wounded.
You feel sick. The adder closely misses you. x2
You barely miss the adder.
Your tail-slap misses the adder.
The adder is heavily wounded.
You feel sick. The adder bites you.
You feel sick.
You are no longer poisoned.
Casting: Sting (safe; 9% risk of failure)
Confirm with . or Enter, or press ? or * to list all spells.
Aiming: Sting (safe; 9% risk of failure)
Press: ? - help, Shift-Dir - straight line, f/p - adder
Aim: an adder (heavily wounded, 48% to hit)
The sting hits the adder.
The adder is poisoned.
The adder is severely wounded.
The adder bites you.
* * * LOW HITPOINT WARNING * * *
You are lethally poisoned!
The adder poisons you! The adder barely misses you.
Your magical contamination has completely faded away.
You hit the adder but do no damage.
The adder is severely wounded.
* * * LOW HITPOINT WARNING * * *
You feel sick.
You closely miss the adder.
The adder is severely wounded.
* * * LOW HITPOINT WARNING * * *
You feel sick. The adder bites you.
You die...

#......#
###.#### #.#
#.# ##.#
##..# #..##
#..S#######.#
###@Sr.......
########..#


You could see an adder (poisoned), a ball python and a rat.

Vanquished Creatures
  A worm (D:2)
  A dart slug (D:2)
  4 ball pythons
  An endoplasm (D:1)
  2 hobgoblins (D:2)
  2 kobolds (D:1)
  A quokka (D:1)
  2 bats (D:1)
  A frilled lizard (D:1)
  A goblin (D:1)
  A rat (D:2)
17 creatures vanquished.

Notes
Turn   | Place    | Note
-------+----------+-------------------------------------------
     0 | D:1      | hasubaka the Draconian Venom Mage began the quest for the
                  | Orb.
     0 | D:1      | Reached XP level 1. HP: 14/14 MP: 3/3
   790 | D:1      | Reached XP level 2. HP: 18/20 MP: 5/5
  1370 | D:2      | HP: 1/20 [poisoned by an adder]
  1370 | D:2      | Slain by an adder

Illustrated notes

Levels and vault maps discovered:
D:1:      elethiomel_arrival_maze, layout_basic, minmay_pentomino_t4
D:2:      layout_rooms, guppyfry_early_orc_mine

Action                   || total
-------------------------++-------
Melee: Short sword       ||    26
       Unarmed           ||    13
       Tailslap          ||     7
       Dagger            ||     1
       Staff             ||    14
 Cast: Sting             ||    11
Armor: Skin              ||    19
Dodge: Dodged            ||    41

Table legend: (Time is in decaauts)
 A = Elapsed time spent in this place.
 B = Non-inter-level travel time spent in this place.
 C = Inter-level travel time spent in this place.
 D = Time resting spent in this place.
 E = Time spent auto-exploring this place.
 F = Levels seen in this place.
 G = Mean time per level.
                   A        B        C        D        E       F      G
               +--------+--------+--------+--------+--------+-----+--------+
         Total |   1374 |   1374 |      0 |    183 |      0 |   2 |  687.0 |
       Dungeon |   1374 |   1374 |      0 |    183 |      0 |   2 |  687.0 |
               +--------+--------+--------+--------+--------+-----+--------+

Top non-repeatable levels by time:
     D:1: 1101 daAuts
     D:2: 273 daAuts
